 Dungeon Crawl Stone Soup version 0.20-a0-971-g5896763 (webtiles) character file.

220 AlphabetPasta the Digger (level 5, -1/35 HPs)
             Began as a Demonspawn Earth Elementalist on Apr 8, 2017.
             Was an Initiate of Vehumet.
             Slain by an orc
             ... wielding a +0 whip
              (8 damage)
             ... on level 4 of the Dungeon.
             The game lasted 00:16:02 (2787 turns).

AlphabetPasta the Digger (DsEE)                     Turns: 2787, Time: 00:16:03

Health: -1/35      AC:  5    Str:  8    XL:     5   Next: 64%
Magic:  7/9        EV: 12    Int: 17    God:    Vehumet [......]
Gold:   193        SH:  0    Dex: 14    Spells: 4/10 levels left

rFire    . . .     SeeInvis .   a - +2 spear (venom)
rCold    . . .     Gourm    .   (no shield)
rNeg     . . .     Faith    .   c - +1 robe
rPois    .         Spirit   .   (no helmet)
rElec    .         Reflect  .   (no cloak)
rCorr    .         Harm     .   (no gloves)
MR       .....                  (no boots)
Stlth    ++........             (no amulet)
Regen    0.2/turn               (no ring)
MPRegen  0.2/turn               (no ring)

@: no status effects
A: hooves 1, molten scales 1, powered by death 1
a: Renounce Religion


You were on level 4 of the Dungeon.
You worshipped Vehumet.
Vehumet was noncommittal.
You were not hungry.

You visited 1 branch of the dungeon, and saw 4 of its levels.

You collected 193 gold pieces.

Inventory:

Hand Weapons
 a - a +2 spear of venom (weapon)
 f - a +0 club
 n - a +0 quarterstaff
Missiles
 b - 78 stones (quivered)
Armour
 c - a +1 robe (worn)
Jewellery
 g - an uncursed ring of wizardry {unknown}
 o - an uncursed ring of fire {unknown}
Wands
 l - a wand of polymorph (14/24)
Scrolls
 j - a scroll of enchant weapon
 k - a scroll of blinking
 r - 2 scrolls of recharging
 x - a scroll of identify
Potions
 i - a potion of brilliance
 m - a potion of ambrosia
 q - a potion of curing
Books
 e - a book of Geomancy

   Spells                             Type                      Level
   a - Sandblast                      Earth                        1
   b - Passwall                       Transmutation/Earth          2
   c - Stone Arrow                    Conjuration/Earth            3
   d - Petrify                        Transmutation/Earth          4
   e - Lee's Rapid Deconstruction     Earth                        5
Comestibles
 d - 3 bread rations
 h - a fruit
 s - 2 meat rations
 w - a royal jelly


   Skills:
 - Level 1.0 Staves
 - Level 1.7 Dodging
 - Level 1.7 Stealth
 + Level 3.1 Spellcasting
 + Level 1.6 Conjurations
 - Level 0.8 Transmutations
 * Level 4.5 Earth Magic
 + Level 1.1 Evocations


You had 4 spell levels left.
You knew the following spells:

 Your Spells              Type           Power        Failure   Level  Hunger
a - Sandblast             Erth           ###...       2%          1    None
b - Passwall              Tmut/Erth      ##........   10%         2    ##.....
c - Stone Arrow           Conj/Erth      ##....       17%         3    ###....


Dungeon Overview and Level Annotations

Branches:
Dungeon (4/15)
 Temple: D:4-7

Altars:
Dithmenos
Vehumet


Innate Abilities, Weirdness & Mutations

You have large cloven feet.
You are partially covered in molten scales. (AC +2)
You regenerate a little health from kills.


Message History

The blast of sand hits the hound.
The hound is almost dead.
b - 79 stones The hound barely misses you.
The hound closely misses you.
Casting: Sandblast
Confirm with . or Enter, or press ? or * to list all spells.
Aiming: Sandblast
Press: ? - help, Shift-Dir - straight line, f/p - hound
Aim: a hound (almost dead)
The blast of sand hits the hound.
You kill the hound!
Vehumet accepts your kill.
Your Evocations skill increases to level 1!
b - 78 stones You hit the orc.
The orc is poisoned.
The orc is lightly wounded.
The orc hits you with a whip.
* * * LOW HITPOINT WARNING * * *
The orc hits you with a whip!
You die...

.## ### #.......# .#
##......# .# #......# ##
##....## # #....# # ##...#
#...# ##..# #@## #o#
######### #.##
........###### #..##
.............###...###
.....................#***
................####....****
**** ................#
*###.,,,***,,,
...............##
****,,,,,,*


You could see an orc.

Vanquished Creatures
  A howler monkey (D:4)
  A hound (D:4)
  Terence (D:2)
  3 gnolls (D:2)
  4 adders
  An ooze (D:1)
  A worm (D:3)
  3 leopard geckos
  10 bats
  2 giant cockroaches
  4 goblins
  5 hobgoblins
  6 jackals (D:2)
  7 kobolds
  2 ball pythons
  5 rats
56 creatures vanquished.

Notes
Turn   | Place    | Note
-------+----------+-------------------------------------------
     0 | D:1      | AlphabetPasta the Demonspawn Earth Elementalist began the quest for the Orb.
     0 | D:1      | Reached XP level 1. HP: 13/13 MP: 3/3
     2 | D:1      | Noticed a halfling
     2 | D:1      | Noticed a demigod
     4 | D:1      | Noticed a vampire
     6 | D:1      | Noticed an octopode
     8 | D:1      | Noticed an ogre
    10 | D:1      | Noticed a minotaur
    10 | D:1      | Noticed a naga
    12 | D:1      | Noticed a merfolk
    14 | D:1      | Noticed a dwarf
    14 | D:1      | Noticed a gargoyle
    16 | D:1      | Noticed a ghoul
    16 | D:1      | Noticed a troll
    18 | D:1      | Noticed a centaur
    18 | D:1      | Noticed a tengu
    20 | D:1      | Noticed an elf
    20 | D:1      | Noticed a formicid
    22 | D:1      | Noticed a felid
    22 | D:1      | Noticed a vine stalker
    24 | D:1      | Noticed a demonspawn
    24 | D:1      | Noticed a human
    26 | D:1      | Noticed a draconian
    26 | D:1      | Noticed a spriggan
    36 | D:1      | Reached skill level 3 in Earth Magic
   118 | D:1      | Gained mutation: You regenerate a little health from kills. [demonic ancestry]
   118 | D:1      | Reached XP level 2. HP: 15/19 MP: 5/5
   125 | D:1      | Learned a level 2 spell: Passwall
   828 | D:1      | Reached XP level 3. HP: 23/24 MP: 6/6
  1045 | D:1      | Learned a level 3 spell: Stone Arrow
  1142 | D:2      | Noticed Terence
  1252 | D:2      | Killed Terence
  1389 | D:2      | Gained mutation: You are partially covered in molten scales. (AC +2) [demonic ancestry]
  1389 | D:2      | Reached XP level 4. HP: 21/30 MP: 8/8
  1424 | D:2      | Reached skill level 4 in Earth Magic
  1565 | D:2      | Reached skill level 1 in Staves
  1972 | D:3      | Reached skill level 1 in Conjurations
  1972 | D:3      | Gained mutation: You have large cloven feet. [demonic ancestry]
  1972 | D:3      | Reached XP level 5. HP: 27/35 MP: 6/9
  2684 | D:4      | Found a radiant altar of Vehumet.
  2684 | D:4      | Found a shadowy altar of Dithmenos.
  2689 | D:4      | Became a worshipper of Vehumet
  2786 | D:4      | Reached skill level 1 in Evocations
  2787 | D:4      | Slain by an orc

Vault maps used:
D:1:      kb_arrival_jail, minmay_misc_feat_alley
D:2:      uniq_terence
D:3:      grunt_decor_mini_mirrors
D:4:      gammafunk_temple_overflow_statue, lexackson_kobold_supper

Skill      XL: |  1  2  3  4  5 |
---------------+----------------+-----
Earth Magic    | 3 4 |  4.5
Staves         | 1 |  1.0
Conjurations   | 1 |  1.6
Spellcasting   | 3 |  3.1
Evocations     | 1 |  1.1
Dodging        | |  1.7
Stealth        | |  1.7
Transmutations | |  0.8

Action                   |  1- 3 |  4- 6 || total
-------------------------+-------+-------++-------
Melee: Club              |    25 |       ||    25
       Unarmed           |     1 |       ||     1
       Spear             |    56 |    69 ||   125
       Kick              |       |     3 ||     3
 Cast: Sandblast         |    14 |    16 ||    30
  Use: Scroll            |       |    10 ||    10
 Stab: Sleeping          |     2 |     3 ||     5
  Eat: Chunk             |     2 |     3 ||     5
       Royal jelly       |       |     1 ||     1
Armor: Robe              |    20 |    13 ||    33
Dodge: Dodged            |    46 |    31 ||    77
